 Dungeon Crawl Stone Soup version 0.19-a0-1908-g43c011f (webtiles) character file.

102 Jorund the Chopper (level 4, 0/33 HPs)
             Began as a Demonspawn Gladiator on Oct 22, 2016.
             Was an Initiate of Okawaru.
             Slain by a quokka (2 damage)
             ... on level 3 of the Dungeon.
             The game lasted 00:03:13 (2358 turns).

Jorund the Chopper (Demonspawn Gladiator)           Turns: 2358, Time: 00:03:14

Health: 0/33       AC:  3    Str: 17    XL:     4   Next: 50%
Magic:  4/4        EV: 12    Int: 12    God:    Okawaru [......]
Gold:   36         SH:  0    Dex: 13    Spells: 0 memorised, 3 levels left

rFire  . . .     SeeInvis +     a - +0 war axe
rCold  + . .     Gourm    .     b - +0 leather armour
rNeg   . . .     Faith    .     (no shield)
rPois  .         Spirit   .     c - +0 helmet
rElec  .         Reflect  .     (no cloak)
rCorr  .         Harm     .     (no gloves)
MR     .....                    (no boots)
Stlth  ++........               j - amulet of magic regeneration
                                h - ring of see invisible
                                g - +3 ring of intelligence

@: no status effects
A: talons 1, cold resistance 1, deformed body, nightstalker 1, shaggy fur 1
a: Renounce Religion


You were on level 3 of the Dungeon.
You worshipped Okawaru.
Okawaru was noncommittal.
You were hungry.

You visited 1 branch of the dungeon, and saw 3 of its levels.

You collected 36 gold pieces.

Inventory:

Hand Weapons
 a - a +0 war axe (weapon)
Missiles
 d - 3 throwing nets (quivered)
Armour
 b - a +0 leather armour (worn)
 c - a +0 helmet (worn)
 t - a +0 plate armour of magic resistance
Jewellery
 g - a +3 ring of intelligence (left hand)
 h - a ring of see invisible (right hand)
 j - an amulet of magic regeneration (around neck)
Scrolls
 k - 3 scrolls of fog {unknown}
 n - a scroll of immolation {unknown}
 r - a scroll of recharging
 s - a scroll of blinking
Potions
 e - 3 potions of brilliance
 m - a potion of might
 u - a potion of magic {unknown}
Comestibles
 f - 2 bread rations
 i - a slice of pizza
 l - a beef jerky


   Skills:
 - Level 2.0 Fighting
 + Level 4.5 Axes
 - Level 1.7 Throwing
 + Level 1.2 Armour
 - Level 2.6 Dodging


You had 3 spell levels left.
You didn't know any spells.

Dungeon Overview and Level Annotations

Branches:
Dungeon (3/15)

Altars:
Okawaru


Innate Abilities, Weirdness & Mutations

You have sharp toenails.
You are slightly more attuned to the shadows.
Your flesh is cold resistant. (rC+)
Armour fits poorly on your strangely shaped body.
You are covered in fur. (AC +1)


Message History

You are too injured to fight recklessly!
You are too injured to fight recklessly!
You are too injured to fight recklessly!
You closely miss the quokka.
The quokka is severely wounded.
The quokka bites you.
* * * LOW HITPOINT WARNING * * *
The quokka bites you.
* * * LOW HITPOINT WARNING * * *
You miss the quokka. Your kick misses the quokka.
The quokka is severely wounded.
The quokka misses you. The quokka barely misses you.
You hit the quokka but do no damage. You claw the quokka, but do no damage.
The quokka is severely wounded.
The quokka bites you.
* * * LOW HITPOINT WARNING * * *
You hit the quokka. Your kick misses the quokka.
The quokka is almost dead.
The quokka barely misses you. The quokka bites you.
You die...

***
*******,*##########
,,,,,,,,*#........#
*******,*#.#####.##
*,*#.# #.# *,*#.#
#.# *,*#.# #.#
*,*#.# #@#
*******,*#.# #r#
,,,,>,,,*#.# #.#
*********#.# #.#
#.# #.# ##### #.#
#.# ....# #.# #.#
....# #.# *,* ....#
#.# *,*


You could see a quokka.

Vanquished Creatures
  4 adders
  A gnoll (D:1)
  A dart slug (D:1)
  2 leopard geckos
  6 orcs (D:3)
  2 giant cockroaches (D:2)
  7 goblins
  2 hobgoblins
  5 jackals
  5 bats
  3 frilled lizards
  4 kobolds
  4 rats
46 creatures vanquished.

Notes
Turn   | Place    | Note
-------+----------+-------------------------------------------
     0 | D:1      | Jorund the Demonspawn Gladiator began the quest for the Orb.
     0 | D:1      | Reached XP level 1. HP: 16/16 MP: 1/1
    87 | D:1      | Reached skill level 3 in Axes
   123 | D:1      | Gained mutation: You are slightly more attuned to the shadows. [demonic ancestry]
   123 | D:1      | Reached XP level 2. HP: 15/22 MP: 2/2
   401 | D:1      | Reached XP level 3. HP: 26/27 MP: 3/3
   955 | D:2      | Reached skill level 1 in Armour
  1428 | D:3      | Reached skill level 4 in Axes
  1545 | D:3      | Gained mutation: You have sharp toenails. [demonic ancestry]
  1545 | D:3      | Reached XP level 4. HP: 30/33 MP: 4/4
  1609 | D:3      | Found a faded altar of an unknown god.
  2045 | D:3      | Gained mutation: You are covered in fur. (AC +1) [potion of mutation]
  2045 | D:3      | Gained mutation: Armour fits poorly on your strangely shaped body. [potion of mutation]
  2045 | D:3      | Gained mutation: Your flesh is cold resistant. (rC+) [potion of mutation]
  2069 | D:3      | Found an iron altar of Okawaru.
  2167 | D:3      | Became a worshipper of Warmaster Okawaru
  2358 | D:3      | Slain by a quokka

Vault maps used:
D:1:      minmay_arrival_up_and_down
D:3:      marbit_many_paths, ecumenical_altar_1

Skill      XL: |  1  2  3 |
---------------+----------+-----
Axes           | 3 4 |  4.5
Armour         | 1 |  1.2
Fighting       | |  2.0
Throwing       | |  1.7
Dodging        | |  2.6

Action                   |  1- 3 |  4- 6 || total
-------------------------+-------+-------++-------
Melee: War axe           |    81 |    38 ||   119
       Kick              |       |     4 ||     4
  Use: Scroll            |     7 |     1 ||     8
       Potion            |       |     4 ||     4
 Stab: Sleeping          |     5 |     4 ||     9
       Invisible         |       |     2 ||     2
  Eat: Chunk             |     2 |     2 ||     4
Armor: Leather armour    |    23 |     9 ||    32
Dodge: Dodged            |    62 |    25 ||    87
